[Event "5th Sharjah Masters 2022"]
[Site "Sharjah"]
[Date "2022.05.21"]
[Round "1.20"]
[White "Gunina, Valentina"]
[Black "Chigaev, Maksim"]
[Result "0-1"]
[ECO "D38"]
[WhiteElo "2471"]
[BlackElo "2631"]
[Annotator "TA"]
[PlyCount "178"]
[EventDate "2022.05.21"]
[EventType "swiss"]
[EventCountry "UAE"]
[SourceTitle "playchess.com"]
[Source "ChessBase"]
[SourceQuality "1"]
[TimeControl "5400+30"]

1. d4 Nf6 2. c4 e6 3. Nf3 d5 4. Nc3 Bb4 5. Bg5 h6 6. Bxf6 Qxf6 7. e3 O-O 8. Rc1 Rd8 9. a3 Bxc3+ 10. Rxc3 dxc4 11. Rxc4 Nc6 12. Rc5 Rd5 13. Qc2 Rxc5 14. Qxc5 Qf5 15. Qxf5 exf5 16. Bc4 Bd7 17. Kd2 Rd8 18. Rc1 Ne7 19. Ne5 Be8 20. Ba2 c6 21. g3 g5 22. f4 g4 23. b4 a6 24. Rc5 Kg7 25. Nc4 f6 26. Bb1 Bf7 27. Nb6 Be6 28. Rc1 h5 29. h4 gxh3 30. Rh1 Kg6 31. Rxh3 Bd5 32. Bd3 Bf3 33. Rh2 Nc8 (33... Rh8 $11) 34. Nxc8 $14 Rxc8 35. Rf2 (35. a4 $14) 35... Bd5 36. Be2 b5 37. Rh2 Rh8 38. Bd1 Rh7 39. Kc3 Rh8 40. a4 Rh7 (40... bxa4 $11 41. Bxa4 Re8) 41. a5 $14 Rh8 (41... Kf7 $1 $14) 42. Kd2 Rh7 43. Ke1 Rh8 44. Kf2 Rh7 (44... Ba2 $16 45. Bc2 Rd8) 45. Be2 $18 Be4 46. Bd1 $2 (46. Bf3 $18) 46... Rh8 (46... Bd5 $11) 47. g4 (47. Rh4 $16) 47... fxg4 48. Bxg4 h4 49. Bf3 Kf5 50. Rh1 h3 51. Rc1 Bxf3 52. Kxf3 h2 53. e4+ Ke6 54. f5+ Kd6 55. Rh1 $1 Rh4 56. Ke3 Kd7 57. Kf3 Ke7 (57... Kd6 $5) 58. Ke3 Kf7 59. Kf3 Kg7 60. e5 Rxd4 61. e6 (61. Rxh2 $11 fxe5 62. Rg2+ Kf6 63. Rg6+ Kxf5 64. Rxc6) 61... Rd2 ({Of course not} 61... Rxb4 $6 62. Rxh2 Rb3+ 63. Ke4 $11) 62. Kg3 $2 (62. Ke3 $17 Rb2 63. Kf3) 62... Kf8 $1 $19 63. Kh3 (63. Rxh2 Rxh2 64. Kxh2 c5 65. bxc5 Ke7 66. Kh3 b4 67. Kg4 b3 68. c6 Kd6 69. Kf4 Kxc6 70. e7 Kd7 71. Ke4 b2 72. e8=R Kxe8 73. Ke3 b1=Q 74. Kf2 Qd1 75. Kg2 Qe2+ 76. Kh1 Kd7 77. Kg1 Kc6 78. Kh1 Kd5 79. Kg1 Ke4 80. Kh1 Kf3 81. Kg1 Qg2#) 63... Ke7 64. Kg3 Rc2 65. Kg4 $2 (65. Rd1 c5 66. bxc5) 65... Rf2 (65... c5 $142 66. bxc5 b4) 66. Rd1 $19 Rg2+ 67. Kh3 Rd2 68. Rh1 Kd6 69. Kg4 Ke7 $2 ({Black should play} 69... c5 $19 70. bxc5+ Kc7) 70. Kg3 $2 (70. Kh3 $11 {and White has nothing to worry.}) 70... Rc2 $2 (70... Kd8 $19 {[%cal Oc6c5] Hoping for ...c5!} 71. Rc1 (71. Rxh2 Rxh2 72. Kxh2 c5 73. bxc5 b4 74. Kg3 b3 75. Kf4 b2 76. Ke4 b1=Q+ 77. Kd4 Qc2 78. c6 Qxc6 79. Ke3 Qc5+ 80. Kf4 Qe5+ 81. Kf3 Ke7 82. Kg2 Qxf5 83. Kg3 Kxe6 84. Kg2 Qf4 85. Kh1 Qd2 86. Kg1 Kf5 87. Kf1 Kf4 88. Kg1 Kf3 89. Kh1 Qg2#) 71... c5 72. bxc5 b4) 71. Rd1 $2 {[%emt 0:00:11] [#]} (71. Kg4 $1 $11) 71... Ke8 (71... c5 $1 $19 72. bxc5 b4) 72. Kh3 $2 {[%emt 0:01:06][%mdl 8192] [#]} (72. Rf1 $17) 72... Rf2 $1 $19 73. Rc1 Ke7 74. Kg3 Rxf5 75. Kxh2 Kd6 76. Kg3 Re5 77. Kf4 Rxe6 78. Kf5 Re2 (78... Re5+ $142 79. Kf4 c5 80. Rd1+ Rd5 81. bxc5+ Kxc5 82. Rc1+ Kb4) 79. Rd1+ $19 Ke7 80. Rc1 Re5+ 81. Kg6 Rg5+ 82. Kh6 Kd7 83. Rd1+ Rd5 84. Rb1 c5 85. bxc5 Kc6 86. Kg6 f5 87. Kf6 Rxc5 88. Ke6 f4 89. Rd1 b4 0-1

[Event "5th Sharjah Masters 2022"]
[Site "Sharjah"]
[Date "2022.05.21"]
[Round "1.21"]
[White "Yilmaz, Mustafa"]
[Black "Nikolov, Momchil"]
[Result "1-0"]
[ECO "D41"]
[WhiteElo "2631"]
[BlackElo "2454"]
[Annotator "TA"]
[PlyCount "78"]
[EventDate "2022.05.21"]
[EventType "swiss"]
[EventCountry "UAE"]
[SourceTitle "playchess.com"]
[Source "ChessBase"]
[SourceQuality "1"]
[TimeControl "5400+30"]

1. d4 {[%emt 0:00:04] Edouard,Romain} Nf6 2. c4 e6 3. Nf3 d5 4. Nc3 c5 5. cxd5 Nxd5 6. e4 Nxc3 7. bxc3 cxd4 8. cxd4 Bb4+ 9. Bd2 Bxd2+ 10. Qxd2 O-O 11. Bc4 Nd7 12. O-O {[%emt 0:00:06] D41: Queen's Gambit Declined: Semi-Tarrasch with 5 cxd5.} b6 13. d5 Nc5 14. Rfe1 {[%emt 0:00:08][%cal Bf1e1,Be1e3,Be3e7][%mdl 32] The position is equal.} exd5 15. exd5 Qd6 16. Qd4 Bb7 17. Rad1 {[%emt 0:00:59] [#]} Nd7 $146 (17... a6 $11) ({Predecessor:} 17... Rae8 18. Ne5 a6 19. a3 Re7 20. Re3 Rfe8 21. Nxf7 Kxf7 22. Re6 Qd8 23. Qf4+ Kg8 24. Rxe7 Rxe7 25. d6+ Re6 26. d7 g6 27. Rd6 {1-0 (27) Giri,A (2764)-Nepomniachtchi,I (2784) chess24.com INT 2020 CBM 197 [Edouard,Romain]}) 18. Nh4 {[%emt 0:34:39][%cal Od4g7] Strongly threatening Qxg7+!} (18. Qe3 $5 ) 18... g6 19. Re3 Qf6 {[%emt 0:24:48] Prevents Nf5.} 20. d6 $40 {[%emt 0:06:37][%mdl 128] White attacks.} Rae8 21. Qxf6 Nxf6 {[%emt 0:00:08] [#]} 22. Re7 Rc8 (22... Bc6 $142) 23. Bb3 $16 ({Don't do} 23. Rxb7 $6 Rxc4 24. g3 Rd8 $14) 23... Rb8 24. f3 Kg7 (24... Bc6 $142) 25. g4 {[%emt 0:02:52] 0x0.00252cf937a7dp-1022s more active pieces.} h6 (25... Bc6 $142 26. Rc1 (26. Rxa7 Rb7 $16) 26... Ba8 27. Rxa7 Kh6) 26. Kf2 (26. f4 $142) 26... a5 $2 (26... Bc6 27. Rc7 (27. Rxa7 Rb7 $16) 27... Rbc8) 27. d7 $18 Rbd8 28. Rd6 {[%emt 0:00:07] Against Bc6} b5 29. a3 b4 (29... Ba8 $142 30. Kg2 Bb7) 30. axb4 {[%emt 0:01:31] Chess con chili.} axb4 31. Ke3 ({Weaker is} 31. Bc2 Ng8 32. Rxg6+ Kh8 $16) 31... Ba8 32. h3 Bb7 33. Kd4 Bc8 $2 (33... Rxd7 34. Rexd7 Nxd7 35. Rxd7 Bc8) 34. dxc8=N Rxc8 35. Rb7 Rc1 (35... Rb8 $142) 36. Ng2 {[%emt 0:01:45] White is clearly winning.} Rc3 {[%emt 0:00:24] [#]} 37. Nf4 $1 {[%emt 0:01:37] White wants to mate with Ne6+.} Rxb3 38. Ne6+ Kg8 39. Nxf8 {[%emt 0:00:05][%mdl 64] Discovered Attack} Rxf3 {[%emt 0:00:41] Weighted Error Value: White=0.15 (very precise) /Black=0.51} 1-0

[Event "5th Sharjah Masters 2022"]
[Site "Sharjah"]
[Date "2022.05.21"]
[Round "1.22"]
[White "Mammadzada, Gunay"]
[Black "Yakubboev, Nodirbek"]
[Result "0-1"]
[ECO "B90"]
[WhiteElo "2454"]
[BlackElo "2630"]
[Annotator "TA"]
[PlyCount "88"]
[EventDate "2022.05.21"]
[EventType "swiss"]
[EventCountry "UAE"]
[SourceTitle "playchess.com"]
[Source "ChessBase"]
[SourceQuality "1"]
[TimeControl "5400+30"]

1. e4 c5 2. Nf3 d6 3. d4 cxd4 4. Nxd4 Nf6 5. Nc3 a6 6. Be3 e5 7. Nb3 Be6 8. Qd2 Nbd7 9. O-O-O {[%emt 0:01:16] B90: Sicilian Najdorf: Unusual White 6th moves, 6 Be3 Ng4 and 6 Be3 e5.} Be7 {[%emt 0:05:11] 9...b5 is more advanced technology.} 10. h3 b5 11. g4 {[%emt 0:13:13] The position is equal.} b4 12. Nd5 Bxd5 13. exd5 a5 14. Kb1 (14. Bb5 {feels hotter.} a4 15. Nc5 dxc5 16. d6) 14... O-O 15. Bb5 {[%emt 0:11:15] [#]} a4 $146 ({Predecessor:} 15... Nb6 16. Bc6 Nc4 17. Qd3 Nxe3 18. fxe3 Ra7 19. Nd2 Nd7 20. Ne4 Bh4 21. c4 bxc3 22. Qxc3 {1-0 (55) Mcdermott,F (2185)-Nucci,L (2255) ICCF email 2017}) 16. Nc1 Qa5 (16... a3 $11 17. Qxb4 axb2 18. Kxb2 Qc7) 17. Bc6 $14 {[%emt 0:04:36] A strong pair of Bishops.} a3 18. Nb3 $16 Qa6 {[%emt 0:04:21][%cal Oa3b2] Threatens to win with ...axb2!} 19. Qxb4 ({Don't play} 19. Bxa8 Rxa8 20. Qd3 Qa4 21. bxa3 (21. Nc1 axb2 22. Kxb2 Rc8 $11) 21... Qxa3 $14) (19. g5 $16 axb2 20. a4 bxa3 21. gxf6 Nxf6 22. Qd3) 19... axb2 $14 20. a4 Rfb8 21. Bb5 Qb7 {[%emt 0:02:25] [#]} (21... Ne4 $14) 22. c4 (22. Na5 $1 $16 Rxa5 23. Qxa5) 22... Ne4 (22... Nb6 $2 23. Na5 Rxa5 24. Qxa5 $18) 23. Rd3 Nb6 {[%emt 0:09:28] [#]} (23... Qc7 $11 {keeps the balance.}) 24. Na5 $1 $16 Qc7 25. Nc6 Nxa4 26. Kc2 {[%emt 0:01:58] Inhibits Nac3.} (26. Nxb8 $16 Qxb8 27. Ra3) 26... Nb6 27. Rb1 ({Better is} 27. Nxb8 $14 Rxb8 28. Re1) 27... Nc5 $1 $36 {[%emt 0:01:06][%mdl 2048] Black has the initiative.} 28. Rdd1 (28. Nxb8 Nxd3 29. Kxd3 Rxb8) 28... e4 29. g5 $2 (29. Nxb8 $16 {keeps the pressure on. aiming for Nc6.} Rxb8 30. Rxb2 (30. Bxc5 dxc5 31. Qa3 Qh2 $16)) 29... Nd3 $17 {[%emt 0:01:04] Black converts the advantage convincingly.} 30. Qb3 {[%emt 0:00:47] [#]} (30. Rxd3 $17 {was the only defense.} exd3+ 31. Kxd3) 30... Nxd5 $1 $19 31. cxd5 {[%emt 0:00:54] Black must now prevent Qc4.} Ra5 $1 {[%emt 0:00:07] Really sharp!} 32. Kd2 $2 (32. Bxd3 {is a better chance.} Rxb3 33. Kxb3 Qb7+ 34. Kc2 exd3+ 35. Rxd3) 32... Raxb5 33. Qc4 R8b7 34. Qxe4 Nc5 35. Qc4 (35. Bxc5 $142 Rxc5 36. Nxe7+ Qxe7 37. Qxe7 Rxe7 38. Rxb2) 35... Bf8 36. Ke2 Qd7 37. h4 (37. Qg4 $142) 37... Qf5 38. Kf1 $2 (38. Qf4 Qxf4 39. Bxf4) 38... Ne4 {[%emt 0:00:29][%cal Ob5c5] ...Rc5! is the strong threat.} 39. Qd3 Rb3 40. Qd4 Qf3 (40... Qh3+ $142 41. Ke1 Nc3 42. Qd3 Qxh4 43. Nd4 Nxd1 44. Nxb3 Nxe3 45. Nd4 Ng2+ 46. Kf1 Qh1+ 47. Ke2 Nf4+ 48. Kd2 Qxd5 49. Qe3 Ne6 50. Qf3 Qxd4+ 51. Qd3 Qxf2+ 52. Qe2 Qf5 53. Qf1 Qxg5+ 54. Ke1 Nf4 55. Kd1 Qd5+ 56. Ke1 Qe5+ 57. Kf2 Rb3 58. Qd1 Qc5+ 59. Qd4 Qxd4+ 60. Kf1 Rh3 61. Ke1 Rh1#) 41. Kg1 {[%emt 0:00:17] Black is clearly winning.} Qg4+ 42. Kh2 Qxh4+ 43. Kg2 Qg4+ 44. Kh2 {[%emt 0:00:08] [#]} Nxf2 $1 {[%emt 0:00:20][%mdl 512] Weighted Error Value: White=0.71/Black=0.52} 0-1

[Event "5th Sharjah Masters 2022"]
[Site "Sharjah"]
[Date "2022.05.21"]
[Round "1.23"]
[White "Jumabayev, Rinat"]
[Black "Badelka, Olga"]
[Result "0-1"]
[ECO "E46"]
[WhiteElo "2628"]
[BlackElo "2453"]
[Annotator "TA"]
[PlyCount "84"]
[EventDate "2022.05.21"]
[EventType "swiss"]
[EventCountry "UAE"]
[SourceTitle "playchess.com"]
[Source "ChessBase"]
[SourceQuality "1"]
[TimeControl "5400+30"]

1. d4 Nf6 2. c4 e6 3. Nc3 Bb4 4. e3 O-O 5. Bd2 c5 6. a3 {[%emt 0:01:21] E46: Nimzo-Indian: Rubinstein: 4 e3 0-0 5 Ne2 without early Bd3.} Bxc3 7. Bxc3 Ne4 8. Rc1 {[%emt 0:08:45] The position is equal.} Nxc3 9. Rxc3 b6 10. Nf3 Bb7 11. Be2 d6 12. O-O Qe7 13. b4 Nd7 14. Qb1 {[%emt 0:07:22] [#]} Rac8 $146 ({Predecessor:} 14... Nf6 15. Rd1 Rac8 16. Qb2 Rc7 17. dxc5 dxc5 18. b5 e5 19. Rcc1 e4 20. Nd2 Nd7 {1-0 (53) Bischoff,K (2510)-King,D (2520) Kecskemet 1988}) 15. Rfc1 Rc7 16. e4 e5 17. d5 g6 18. Nd2 f5 19. Nb3 Bc8 20. Bf3 (20. Re1 $11) 20... Qh4 21. g3 Qh6 22. exf5 gxf5 23. Bg2 e4 24. Qc2 Ne5 25. bxc5 bxc5 26. Nd2 Rg7 {[%emt 0:04:44] 0x0.001259136543dp-1022s more active pieces.} ({Not} 26... Ng4 27. h3 Ne5 28. Rb1) 27. Rb1 Ng4 28. h3 Ne5 {[%emt 0:00:03] ...f4 is the strong threat.} 29. Rb8 f4 (29... Re7 $17) 30. Nxe4 $11 Bxh3 31. Rxf8+ Kxf8 32. Nxd6 $2 Bxg2 $1 $19 {[%emt 0:01:56][%csl Gg2][%cal Rh6h1] Really sharp!} 33. Qf5+ {[%emt 0:00:04] [#]} Rf7 $1 34. Qc8+ Kg7 35. Ne8+ {[%emt 0:00:24] [#]} Kh8 $1 36. Kxg2 {[%emt 0:00:39] Hoping for Qb8.} Rf8 $40 {[%emt 0:00:48][%mdl 128] And now ...f3+ would win. Black wants a kill.} 37. d6 $2 (37. Qe6 Qxe6 38. dxe6 Rxe8 39. gxf4) 37... fxg3 $2 (37... f3+ $19 {is more deadly.} 38. Kg1 Qd2) 38. Rxg3 $17 Qd2 $2 {[%emt 0:00:00][%mdl 8192] [#]} (38... Qf4 $17 {and life is bright.} 39. Qxc5 Qe4+ 40. Kg1 Rxe8 41. Qxa7 Rg8 42. Rxg8+ Kxg8 43. Qb8+ Kg7 44. Qc7+ Kh6) 39. Kh3 $4 (39. Qxc5 $1 $18 Nd7 (39... Nc6 40. d7) 40. Qe3 Qxe3 41. Rxe3) 39... Qxf2 (39... Nd3 $142 40. Rxd3 Qxd3+ 41. Kh4 Qd4+ 42. Qg4 Rxe8 43. f4 Rg8 44. Qg5 Rxg5 45. Kxg5 Qxc4 46. f5 Qd5 47. Kf4 Qxd6+ 48. Ke3 c4 49. f6 Qxf6 50. Ke4 Qd6 51. Ke3 c3 52. Ke4 c2 53. Ke3 c1=Q+ 54. Ke2 Qcf4 55. Ke1 Qdd2#) 40. Qa8 Qf5+ {[%emt 0:00:19] Black mates.} 41. Kg2 Qf1+ 42. Kh2 Rf2+ {[%emt 0:00:00] Weighted Error Value: White=0.77/Black=0.71} 0-1

[Event "5th Sharjah Masters 2022"]
[Site "Sharjah"]
[Date "2022.05.21"]
[Round "1.24"]
[White "Assaubayeva, Bibisara"]
[Black "Ponkratov, Pavel"]
[Result "1/2-1/2"]
[ECO "D43"]
[WhiteElo "2439"]
[BlackElo "2624"]
[Annotator "TA"]
[PlyCount "92"]
[EventDate "2022.05.21"]
[EventType "swiss"]
[EventCountry "UAE"]
[SourceTitle "playchess.com"]
[Source "ChessBase"]
[SourceQuality "1"]
[TimeControl "5400+30"]

1. d4 Nf6 2. c4 e6 3. Nf3 d5 4. Nc3 c6 5. Bg5 h6 6. Bxf6 Qxf6 7. e3 Nd7 8. Bd3 dxc4 9. Bxc4 g6 10. O-O Bg7 11. e4 O-O 12. e5 Qe7 13. Re1 {[%emt 0:00:39] 13.Qe2 deserves study.} Rd8 {[%emt 0:00:05] D43: Semi-Slav: 5 Bg5 h6.} 14. Qe2 b5 $1 15. Bb3 (15. Bd3 $11) 15... Bb7 $15 {[%emt 0:08:47] Black is slightly better.} 16. Rad1 a6 17. Bc2 {[%emt 0:06:26] [#]} c5 $146 {[%emt 0:07:02] [#] And now ...Bxf3 would win.} ({Predecessor:} 17... Rac8 18. Be4 Nf8 19. h4 c5 20. Bxb7 Qxb7 21. Ne4 cxd4 22. Nd6 Rxd6 23. exd6 {½-½ (33) Ribli,Z (2562)-Pavasovic,D (2571) Gostovanja 2010}) 18. d5 exd5 (18... Qe8 $5 ) 19. Nxd5 Bxd5 20. Rxd5 Nf8 21. Red1 Rxd5 22. Rxd5 Re8 23. a4 Ne6 {[%emt 0:11:40] [#] Threatens to win with ...Nf4.} 24. Qe3 {[%emt 0:12:31] Prevents Nf4.} (24. axb5 $2 Nf4 25. Qe4 Nxd5 26. Qxd5 axb5 $19) 24... c4 25. axb5 Nc7 26. Rd1 {[%emt 0:00:53] Black must now prevent b6.} axb5 27. Be4 Rd8 (27... Bxe5 28. Bc6 Bxb2 29. Bxe8 Qxe8 30. Qxe8+ Nxe8 31. Rd8 $14) 28. Rxd8+ Qxd8 29. h4 Ne6 30. g3 Bf8 31. h5 g5 32. Bf5 Qd5 33. Bxe6 fxe6 $11 {[%emt 0:01:14][%mdl 4096] Endgame KQB-KQN} 34. Nh2 b4 35. Qe2 Bc5 36. Ng4 {[%emt 0:00:35] Strongly threatening Nf6+.} Kg7 37. Qc2 {[%emt 0:00:51] Hoping for Qg6+.} Qd3 {[%emt 0:00:56] Against Qg6+} 38. Qxd3 cxd3 {[%emt 0:00:04] KB-KN} 39. Kf1 {[%emt 0:00:05] aiming for b3.} b3 $1 ({Much less strong is} 39... Bd4 40. b3 $16) 40. Ke1 Bb4+ 41. Kd1 Ba5 (41... Bc3 $11 {keeps the balance.}) 42. f3 ({Only move:} 42. Ne3 $16) 42... Bc3 {[%emt 0:01:57] The position is equal.} 43. Kc1 ({Wrong is} 43. bxc3 $2 b2 44. Kd2 b1=Q $19) 43... Be1 44. Kd1 Bc3 45. Kc1 ({Not} 45. bxc3 $2 b2 46. Kd2 b1=Q $19) 45... Be1 46. Kd1 Bc3 {[%emt 0:06:08] Weighted Error Value: White=0.11 (very precise) /Black=0.12 (very precise)} 1/2-1/2

[Event "5th Sharjah Masters 2022"]
[Site "Sharjah"]
[Date "2022.05.21"]
[Round "1.25"]
[White "Ivic, Velimir"]
[Black "Baenziger, Fabian"]
[Result "1/2-1/2"]
[ECO "C84"]
[WhiteElo "2623"]
[BlackElo "2430"]
[Annotator "TA"]
[PlyCount "142"]
[EventDate "2022.05.21"]
[EventType "swiss"]
[EventCountry "UAE"]
[SourceTitle "playchess.com"]
[Source "ChessBase"]
[SourceQuality "1"]
[TimeControl "5400+30"]

1. e4 e5 2. Nf3 Nc6 3. Bb5 a6 4. Ba4 Nf6 5. O-O Be7 6. d3 d6 7. c3 O-O 8. Nbd2 Re8 9. Re1 Bf8 10. Nf1 h6 11. h3 b5 {[%emt 0:05:16] C84: Closed Ruy Lopez: Unusual White 6th moves.} 12. Bc2 d5 13. Qe2 Be6 14. Ng3 d4 15. Bb3 g6 {[%emt 0:16:09] [#]} 16. Bd2 $146 ({Predecessor:} 16. Qc2 Bxb3 17. axb3 Re6 18. Ne2 Nxe4 19. dxe4 d3 20. Qd1 dxe2 21. Qxe2 Bg7 22. Be3 f5 23. exf5 gxf5 {½-½ (42) Novak,T (1977)-Gabric,G (2252) Novi Sad 2017}) 16... Bxb3 17. axb3 Qd7 18. cxd4 Nxd4 19. Nxd4 Qxd4 20. Be3 Qd7 21. Rac1 Re6 22. Red1 Rd8 23. b4 Rc6 24. Qd2 h5 25. Bg5 Be7 26. Rxc6 Qxc6 27. f4 exf4 28. Qxf4 Qe6 29. d4 {[%emt 0:01:48] Threatens to win with d5.} Ne8 {[%emt 0:00:36] And now ...f6 would win.} 30. d5 (30. Bxe7 $11 Qxe7 31. e5) 30... Bxg5 $15 31. Qxg5 Qf6 32. Qe3 {[%emt 0:01:05] [#]} Qe5 (32... Nd6 $1 $17 {Hoping for ...Re8.} 33. Re1 Qe5) 33. Ne2 (33. Qc3 $11 {is more appropriate.} Qxc3 34. bxc3) 33... Nd6 34. Nc3 Re8 35. Re1 Nc4 36. Qf2 Kg7 37. Kh1 Re7 (37... f5 $15) 38. Rf1 $2 {[%emt 0:00:45] [#]} (38. Ra1 $11) 38... Nd6 $1 $19 39. Qa7 Nxe4 (39... f5 $19 40. exf5 Nxf5) 40. Nxe4 $17 Qxe4 41. Qxa6 Qxb4 $19 {[%emt 0:00:34][%mdl 4096] Endgame KQR-KQR} 42. Qf6+ Kg8 43. Qf2 (43. Kh2 $17) 43... Qc4 (43... Qd6 $19 44. Rd1 Re4) 44. Qf6 $17 Qb4 (44... Rd7 $2 45. Re1 Qc5 46. Re8+ Qf8 47. Rxf8+ $18) (44... Qc5 $17 45. b3 Qd6 46. Qxd6 cxd6) 45. Qf2 $1 $19 Qe4 {[%emt 0:00:29] Inhibits Qc2.} 46. Qc5 Qc4 (46... Qd3 $17 47. Ra1 Re8) 47. Qxc4 $15 bxc4 {[%emt 0:00:04] KR-KR} 48. Rf4 Re1+ 49. Kh2 Rc1 50. Rf6 Rc2 51. Rc6 Rxb2 52. Rxc7 Rd2 53. Rxc4 Rxd5 54. h4 Rd2 55. Kg3 Kg7 56. Kf3 Rd3+ 57. Kf2 Kf6 58. Rf4+ Ke6 59. g3 f6 60. Ra4 Ke5 61. Ra6 Rd6 62. Ra3 Ke4 63. Re3+ Kf5 {[%emt 0:00:56] Strongly threatening ...Kg4.} 64. Kf3 Rd4 65. Ra3 Re4 66. Ra5+ Re5 67. Ra3 Rc5 68. Rb3 g5 69. hxg5 fxg5 70. g4+ hxg4+ 71. Kg3 Ke5 {[%emt 0:03:24] And White is the lucky defender.  Weighted Error Value: White=0.16 (very precise) /Black=0.15 (very precise)} 1/2-1/2

[Event "5th Sharjah Masters 2022"]
[Site "Sharjah"]
[Date "2022.05.21"]
[Round "1.26"]
[White "Haznedaroglu, Kivanc"]
[Black "Indjic, Aleksandar"]
[Result "0-1"]
[ECO "A46"]
[WhiteElo "2425"]
[BlackElo "2621"]
[Annotator "TA"]
[PlyCount "40"]
[EventDate "2022.05.21"]
[EventType "swiss"]
[EventCountry "UAE"]
[SourceTitle "playchess.com"]
[Source "ChessBase"]
[SourceQuality "1"]
[TimeControl "5400+30"]

1. d4 Nf6 2. Nf3 e6 3. g3 d5 4. Bg2 b5 5. O-O Nbd7 6. Bg5 {[%emt 0:07:24] A46: 1 d4 Nf6 2 Nf3 e6: Torre, London and Colle Systems.} Be7 7. c3 Bb7 8. a4 {[%emt 0:03:08] The position is equal.} a6 9. Nbd2 c5 {[%emt 0:00:40] Inhibits b4.} 10. axb5 axb5 11. dxc5 Nxc5 12. Nd4 Qb6 13. Rxa8+ Bxa8 {[%emt 0:00:26] [#]} 14. N2f3 $146 ({Predecessor:} 14. e3 O-O 15. Qe2 b4 16. c4 h6 17. Bxf6 Bxf6 18. cxd5 exd5 19. N2b3 Ne4 20. Ra1 {½-½ (38) Kovacevic,B (2497)-Lenic,L (2657) Slovenia 2018}) 14... h6 15. Be3 Ng4 16. Bd2 O-O 17. h3 (17. Bh3 $5 h5 18. Bxg4 hxg4 19. Ne5 $11) 17... Nf6 18. Be3 Nfe4 19. Ne5 Bg5 (19... Qc7 $11 20. Nd3 Bc6) 20. Bxg5 $14 hxg5 {[%emt 0:00:00][%mdl 32768] Weighted Error Value: White=0.05 (flawless) /Black=0.13 (very precise) . Loss on time!?} 0-1

[Event "5th Sharjah Masters 2022"]
[Site "Sharjah"]
[Date "2022.05.21"]
[Round "1.27"]
[White "Sadhwani, Raunak"]
[Black "Dimakiling, Oliver"]
[Result "1-0"]
[ECO "D94"]
[WhiteElo "2619"]
[BlackElo "2420"]
[Annotator "TA"]
[PlyCount "53"]
[EventDate "2022.05.21"]
[EventType "swiss"]
[EventCountry "UAE"]
[SourceTitle "playchess.com"]
[Source "ChessBase"]
[SourceQuality "1"]
[TimeControl "5400+30"]

1. c4 c6 2. Nf3 Nf6 3. d4 d5 4. e3 g6 5. Nc3 Bg7 6. Be2 O-O 7. O-O b6 {[%emt 0:01:32] Recently 7...a6 got a lot of attention.} 8. b3 Bb7 {[%emt 0:00:54] D94: Grünfeld: 4 Nf3 Bg7 5 e3.} 9. Bb2 e6 10. Qc2 Nbd7 {[%emt 0:00:30] The position is equal.} 11. Rfd1 Qc7 {[%emt 0:06:02] [#]} 12. a4 $146 ({Predecessor:} 12. cxd5 exd5 13. b4 Rac8 14. a4 c5 15. Nb5 Qb8 16. dxc5 bxc5 17. bxc5 a6 18. Bxf6 Bxf6 {0-1 (60) Larsen,B (2580)-Petursson,M (2530) Holstebro 1989}) 12... a5 13. Rac1 Rfc8 14. Qb1 Qb8 15. h3 c5 16. Nb5 Ne4 17. cxd5 exd5 18. Rc2 (18. Bd3 $5 ) 18... Re8 (18... cxd4 $11 19. Bxd4 Bxd4 20. Rxc8+ (20. Nfxd4 Rxc2 21. Qxc2 Ndc5 $11) (20. Nbxd4 Nc3 $17) (20. Rxd4 Rxc2 21. Qxc2 Qd8 $11) (20. exd4 Nf8 $11) 20... Qxc8 21. Nfxd4 Ndc5) 19. Nd2 $14 Nxf2 $2 {[%emt 0:23:28] A mistake that costs the game.} 20. Kxf2 $18 Rxe3 21. Kxe3 Qg3+ {[%emt 0:00:17] [#]} 22. Nf3 $1 {[%emt 0:00:58] And now Kd2 would win.} Bh6+ $2 (22... Re8+ {is a better defense.} 23. Kd3 Qxg2) 23. Kd3 Qf4 (23... Re8 $142 24. Bc1 (24. Kc3 cxd4+ 25. Rxd4 Rc8+ 26. Bc4 Bg7 $16) 24... Bg7) 24. Bc1 {[%emt 0:00:49] White is clearly winning.} (24. Kc3 {is a self mate.} Qe3+ 25. Rd3 cxd4+ 26. Nfxd4 Rc8+) 24... Qe4+ 25. Kc3 Bg7 26. Kb2 c4 27. Ka2 {[%emt 0:00:44] Weighted Error Value: White=0.09 (flawless) /Black=0.55} 1-0

[Event "5th Sharjah Masters 2022"]
[Site "Sharjah"]
[Date "2022.05.21"]
[Round "1.29"]
[White "Ganguly, Surya Shekhar"]
[Black "Msellek, Ilyass"]
[Result "1/2-1/2"]
[ECO "A13"]
[WhiteElo "2616"]
[BlackElo "2411"]
[Annotator "TA"]
[PlyCount "65"]
[EventDate "2022.05.21"]
[EventType "swiss"]
[EventCountry "UAE"]
[SourceTitle "playchess.com"]
[Source "ChessBase"]
[SourceQuality "1"]
[TimeControl "5400+30"]

1. Nf3 d5 2. e3 Nf6 3. c4 e6 4. Nc3 Be7 5. b3 O-O 6. Bb2 c5 7. cxd5 exd5 8. d4 Nc6 9. Be2 cxd4 10. Nxd4 Bd6 11. O-O Re8 12. Ncb5 {[%emt 0:08:37] A13: English Opening: 1...e6.} Bb8 13. Rc1 {[%emt 0:01:41] [#]} a6 $146 ({Predecessor:} 13... Bd7 14. g3 a6 15. Nxc6 bxc6 16. Nd4 Qb6 17. Qc2 Rc8 18. Nf5 Qd8 19. Rfd1 a5 {0-1 (36) Bocharov,D (2524)-Tay,J (2230) Chess.com INT 2020}) 14. Nxc6 {[%emt 0:13:18] White is slightly better.} bxc6 15. Nd4 Qd6 {[%emt 0:02:29][%csl Gb8][%cal Rd6h2] [#]} 16. g3 c5 17. Ba3 Ne4 18. Bf3 Bh3 19. Bxe4 dxe4 20. Re1 ({Much worse is} 20. Rxc5 Bxf1 21. Qxf1 Qd7 $15) 20... Qg6 {[%emt 0:05:56] Prevents Qh5.} 21. Rxc5 Be5 22. Rc6 Qg5 23. Rc5 Qg6 $1 24. Rc6 Qg5 25. f4 exf3 $1 {[%emt 0:01:02] The position is equal.} 26. Nxf3 Qh5 27. Nxe5 Qxe5 28. Rc5 {[%emt 0:01:22] Against Qa5} Qf6 ({But not} 28... Qe4 29. Qd5 $14) 29. Rh5 Qe6 {[%emt 0:04:06] [#] ...Bg4 is the strong threat.} 30. Qd5 Red8 31. Qxe6 Bxe6 32. Ra5 Rac8 33. Rc5 {[%emt 0:02:29] Weighted Error Value: White=0.07 (flawless) /Black=0.02 (flawless)} 1/2-1/2